 Dungeon Crawl Stone Soup version 0.22-a0-772-gac08f70 (webtiles) character file.

44 sking99 the Cudgeler (level 3, 0/28 HPs)
             Began as a Demonspawn Gladiator on July 17, 2018.
             Slain by an adder (1 damage)
             ... on level 2 of the Dungeon.
             The game lasted 00:03:15 (1251 turns).

sking99 the Cudgeler (Demonspawn Gladiator)         Turns: 1251, Time: 00:03:16

Health: 0/28       AC:  4    Str: 15    XL:     3   Next: 39%
Magic:  0/3        EV: 12    Int:  9    God:
Gold:   49         SH:  0    Dex: 14    Spells: 2/2 levels left

rFire    + . .     SeeInvis .   a - +0 flail
rCold    + . .     Gourm    .   (no shield)
rNeg     . . .     Faith    .   b - +0 leather armour
rPois    +         Spirit   +   c - +0 helmet
rElec    +         Reflect  .   (no cloak)
rCorr    +         Harm     .   (no gloves)
MR       .....                  (no boots)
Stlth    +.........             (no amulet)
HPRegen  0.09/turn              (no ring)
MPRegen  0.16/turn              (no ring)

@: lethally poisoned (0 -> -2), resistant
A: magic shield, magic regeneration
a: no special abilities


You were on level 2 of the Dungeon.
You were not hungry.

You visited 1 branch of the dungeon, and saw 2 of its levels.

You collected 49 gold pieces.

Inventory:

Hand Weapons
 a - a +0 flail (weapon)
Missiles
 d - 3 throwing nets (quivered)
Armour
 b - a +0 leather armour (worn)
 c - a +0 helmet (worn)
Scrolls
 h - 2 scrolls of remove curse {unknown}
 i - 2 scrolls of identify {unknown}
Comestibles
 f - a ration
 g - 3 chunks of flesh


   Skills:
 + Level 2.6 Fighting
 * Level 3.7 Maces & Flails
 - Level 1.7 Throwing
 - Level 2.6 Dodging


You had 2 spell levels left.
You didn't know any spells.
Your spell library was empty.

Dungeon Overview and Level Annotations

Branches:
Dungeon (2/15)

Altars:
Xom


Innate Abilities, Weirdness & Mutations

When hurt, damage is shared between your health and your magic reserves.
You regenerate magic rapidly.


Message History

The adder barely misses you.
It was a potion of resistance.
You feel protected.
* * * LOW HITPOINT WARNING * * *
You feel sick. The adder barely misses you. x2
You miss the adder.
The adder is lightly wounded.
The adder closely misses you.
You closely miss the adder.
The adder is lightly wounded.
The adder barely misses you. The adder bites you.
* * * LOW HITPOINT WARNING * * *
You sock the adder!
The adder is almost dead.
* * * LOW HITPOINT WARNING * * *
You feel sick. The adder closely misses you.
You hit the adder but do no damage.
The adder is almost dead.
The adder bites you but does no damage. The adder bites you.
You die...

.......# ## ........ ..#
........## .. .........<### #.#
........#$..#####..#
........#.#...##>.# .....$.
.....#..#.###.(#.#####........
...#.##...# ##............=.....#
%.....#.S.## ###@#####..........#
...........# ##S#####..........#
........#..####wg#............>.#
.....(.....S....r..##...........#
........[...w...................#
...%...#........###..#.........#
..............................#
......###....(..........#.(.###
......##..#.....######.###...(###


You could see a worm, an adder, a goblin and a rat.

Vanquished Creatures
  An ooze (D:2)
  3 dart slugs (D:1)
  A leopard gecko (D:2)
  A ball python (D:2)
  3 giant cockroaches
  3 goblins
  4 hobgoblins
  2 jackals (D:2)
  A quokka (D:2)
  4 bats
  4 kobolds
  3 rats
30 creatures vanquished.

Notes
Turn   | Place    | Note
-------+----------+-------------------------------------------
     0 | D:1      | sking99 the Demonspawn Gladiator began the quest for the Orb.
     0 | D:1      | Reached XP level 1. HP: 16/16 MP: 1/1
   117 | D:1      | Reached skill level 3 in Maces & Flails
   215 | D:1      | Gained mutation: When hurt, damage is shared between your health and your magic reserves. [demonic ancestry]
   215 | D:1      | Reached XP level 2. HP: 21/22 MP: 2/2
   757 | D:1      | Found a blossoming altar of Fedhas.
   759 | D:1      | Found an opulent altar of Gozag.
   759 | D:1      | Found an ornate altar of the Wu Jian Council.
   761 | D:1      | Found a shimmering altar of Xom.
   761 | D:1      | Found a shimmering altar of Xom.
   761 | D:1      | Found a sacrificial altar of Ru.
   971 | D:2      | Gained mutation: You regenerate magic rapidly. [demonic ancestry]
   971 | D:2      | Reached XP level 3. HP: 16/28 MP: 1/3
  1250 | D:2      | HP: 1/28 [poisoned by an adder]
  1251 | D:2      | Slain by an adder

Vault maps used:
D:1:      dpeg_arrival_windows_large_door, doesnt_xom_only_xom
D:2:      uniq_sigmund, uniq_natasha

Skill      XL: |  1 |
---------------+----+-----
Maces & Flails | 3 |  3.7
Fighting       | |  2.6
Throwing       | |  1.7
Dodging        | |  2.6

Action                   || total
-------------------------++-------
Melee: Flail             ||    97
  Use: Potion            ||     2
 Stab: Sleeping          ||     3
  Eat: Chunk             ||     1
Armor: Leather armour    ||    36
Dodge: Dodged            ||    67

Table legend:
 A = Spawn XP
 B = Non-spawn XP
 C = Spawn XP percentage of total XP
 D = Spawn monster count
 E = Non-spawn monster count
 F = Spawn count percentage of total count
 G = Total turns spent on level
                    A         B        C        D         E        F      G
               +---------+---------+-------+---------+---------+-------+---------
         Total |       0 |      63 |   0.0 |       0 |      30 |   0.0 |  1251
               +---------+---------+-------+---------+---------+-------+---------
           D:1 |       0 |      37 |   0.0 |       0 |      18 |   0.0 |   998
           D:2 |       0 |      26 |   0.0 |       0 |      12 |   0.0 |   253
               +---------+---------+-------+---------+---------+-------+---------
